 Dungeon Crawl Stone Soup version 0.27.1-33-g824d729ab1 (webtiles) character file.

Game seed: 13110127896362074379

201 DenSaoPin the Cutter (level 5, -5/24 HPs)
             Began as a Spriggan Enchanter on Nov 30, 2021.
             Blown up by a goblin (29 damage)
             ... with a mindburst bolt
             ... on level 4 of the Dungeon.
             The game lasted 00:18:49 (5818 turns).

DenSaoPin the Cutter (Spriggan Enchanter)           Turns: 5818, Time: 00:18:49

Health: -5/24      AC:  2    Str:  5    XL:     5   Next: 50%
Magic:  10/10      EV: 17    Int: 17    God:
Gold:   60         SH:  0    Dex: 15    Spells: 3/9 levels left

rFire    . . .     SeeInvis +   j - +0 short sword
rCold    . . .     Faith    .   (shield restricted)
rNeg     . . .     Spirit   .   b - +0 robe
rPois    .         Reflect  .   (helmet restricted)
rElec    .         Harm     .   (no cloak)
rCorr    .         Rampage  .   (gloves unavailable)
Will     +....                  (boots unavailable)
Stlth    +++.......             r - amulet of the acrobat
HPRegen  0.08/turn              d - ring of willpower
MPRegen  0.12/turn              (no ring)

@: very quick
A: very small, no large weapons, unfitting armour, see invisible, speed 3
a: no special abilities


You were on level 4 of the Dungeon.
You visited 1 branch of the dungeon, and saw 4 of its levels.

You collected 60 gold pieces.

Inventory:

Hand Weapons
 a - a +1 dagger
 j - a +0 short sword (weapon)
Missiles
 o - 12 stones
 q - 15 bolts
 s - 49 arrows
 t - a poisoned dart (quivered)
Armour
 b - a +0 robe (worn)
Jewellery
 d - a ring of willpower (left hand)
 r - an amulet of the acrobat (around neck)
Wands
 k - a wand of iceblast (10)
Scrolls
 c - 4 scrolls of identify {unknown}
 g - a scroll of vulnerability {unknown}
 i - a scroll of fear {unknown}
 l - a scroll of teleportation {unknown}
Potions
 e - a potion of curing {unknown}
 f - a potion of attraction {unknown}
 h - a potion of cancellation {unknown}
 m - 2 potions of haste {unknown}
 n - a potion of heal wounds {unknown}
 p - a potion of invisibility


   Skills:
 + Level 6.0 Short Blades
 - Level 2.8 Dodging
 - Level 4.5 Stealth
 - Level 2.6 Spellcasting
 - Level 3.6 Hexes


You had 3 spell levels left.
You knew the following spells:

 Your Spells              Type           Power      Damage    Failure   Level
a - Corona                Hex            15%        N/A       4%          1
b - Ensorcelled Hibernat  Hex/Ice        16%        N/A       13%         2
c - Tukima's Dance        Hex            14%        N/A       12%         3

Your spell library contained the following spells:

 Spells                   Type           Power      Damage    Failure   Level
 Confusing Touch          Hex            14%        N/A       12%         3
 Dazzling Flash           Conj/Hex       16%        N/A       26%         3


Dungeon Overview and Level Annotations

Branches:
Dungeon (4/15)
 Temple: D:4-7

Altars:
Ru
Wu Jian
Xom

Annotations:
D:4 3 runed translucent doors, Jabberih's ghost, amateur MfIE


Innate Abilities, Weirdness & Mutations

You are very small and have problems with some larger weapons.
You are too small for most types of armour.
You have supernaturally acute eyesight. (SInv)
You cover ground extremely quickly. (Speed+++)


Message History

The ufetubus is heavily wounded.
The ufetubus hits you. The ufetubus barely misses you.
You barely miss the ufetubus.
The ufetubus is heavily wounded.
The ufetubus closely misses you. The ufetubus misses you.
You hit the ufetubus.
You kill the ufetubus!
Your Short Blades skill increases to level 6!
Magic restored.
HP restored.
A goblin is nearby!
A goblin is nearby!
t - a poisoned dart
t - 2 poisoned darts (gained 1)
Found a stone staircase leading down.
t - 3 poisoned darts (gained 1)
t - 4 poisoned darts (gained 1)
A hound skeleton comes into view.
Found a stone staircase leading down.
Throw: 4 darts (poison)
Press: ? - help, Q - select action, (/) - cycle Shift-Dir - straight line, f - goblin
Aim: a goblin, wielding a +0 club and carrying a wand of mindburst (15) (wandering, hasn't noticed you, 50% to hit)
You throw a poisoned dart.
The poisoned dart barely misses the goblin.
Throw: 3 darts (poison)
Press: ? - help, Q - select action, (/) - cycle Shift-Dir - straight line, f/p - goblin
Aim: a goblin, wielding a +0 club and carrying a wand of mindburst (15) (50% to hit)
You throw a poisoned dart. The poisoned dart hits the goblin.
Throw: 2 darts (poison)
Press: ? - help, Q - select action, (/) - cycle Shift-Dir - straight line, f/p - goblin
Aim: a goblin, wielding a +0 club and carrying a wand of mindburst (15) (50% to hit)
You throw a poisoned dart. The poisoned dart misses the goblin.
You hit the goblin.
The goblin is almost dead.
The goblin barely misses you.
You barely miss the goblin.
The goblin is almost dead.
The goblin zaps a wand.
Your mind is blasted!
Ouch! That really hurt!
You die...

##########.##. .# .
.......... ... .#.
##.......(.#..###.#.
#.#######..(...... #
#.........>.(>...##.###
#..######.#............
#..# ......g(....# ##..#
#@# #..## ###.# ...#
..#.# #..# ###.####.#.##
#.## # ......#.#..######
#.## #.##.##.#.#.......#
#..#.#.#...#.#.#..####..
#... ...._........# #.##
#.#...#.#.#..#


You could see a goblin.

Vanquished Creatures
  A howler monkey (D:4)
  A hound (D:4)
  An iguana (D:4)
  An adder (D:3)
  An ufetubus (D:4)
  An adder skeleton (D:4)
  3 dart slugs
  4 orcs (D:3)
  3 bats
  7 endoplasms
  9 giant cockroaches
  10 goblins
  6 hobgoblins
  7 jackals
  7 quokkas
  6 ball pythons
  3 frilled lizards
  2 kobolds (D:1)
73 creatures vanquished.

Notes
Turn   | Place    | Note
-------+----------+-------------------------------------------
     0 | D:1      | DenSaoPin the Spriggan Enchanter began the quest for the
                  | Orb.
     0 | D:1      | Reached XP level 1. HP: 9/9 MP: 5/5
   341 | D:1      | Reached skill level 2 in Short Blades
   341 | D:1      | Reached XP level 2. HP: 13/13 MP: 6/6
  1109 | D:1      | Reached skill level 3 in Short Blades
  1268 | D:1      | Reached XP level 3. HP: 12/16 MP: 8/8
  2266 | D:2      | Learned a level 2 spell: Ensorcelled Hibernation
  2270 | D:2      | Learned a level 3 spell: Tukima's Dance
  2686 | D:2      | Reached skill level 4 in Short Blades
  2998 | D:2      | Found a faded altar of an unknown god.
  3327 | D:3      | Reached XP level 4. HP: 4/21 MP: 9/9
  3960 | D:3      | Found an ornate altar of the Wu Jian Council.
  3961 | D:3      | Found a shimmering altar of Xom.
  4306 | D:4      | Noticed Jabberih's ghost (amateur MfIE)
  4342 | D:4      | Reached skill level 5 in Short Blades
  4383 | D:4      | Reached XP level 5. HP: 8/24 MP: 10/10
  5029 | D:4      | Found a sacrificial altar of Ru.
  5275 | D:4      | Found a runed translucent gate.
  5275 | D:4      | Found a runed translucent gate.
  5275 | D:4      | Found a runed translucent gate.
  5692 | D:4      | Reached skill level 6 in Short Blades
  5818 | D:4      | Blown up by a goblin

Illustrated notes

Levels and vault maps discovered:
D:1:      erik_arrival_cave_to_civilisation [erik_arrival_cave_to_hall],
          layout_basic
D:2:      layout_basic, dreamdust_ecumenical_altar_angels_and_demons
D:3:      layout_basic, gammafunk_temple_overflow_statue,
          minmay_misc_feat_columns
D:4:      layout_loops_ring, nicolae_ru_sacrificial_ziggurat,
          gammafunk_ghost_split, nicolae_inconvenience_store, nrook_campfire

Skill      XL: |  1  2  3  4  5 |
---------------+----------------+-----
Short Blades   | 2 3 4 5 6 |  6.0
Dodging        | |  2.8
Stealth        | |  4.5
Spellcasting   | |  2.6
Hexes          | |  3.6

Action                   |  1- 3 |  4- 6 || total
-------------------------+-------+-------++-------
Melee: Dagger            |    92 |       ||    92
       Short sword       |   113 |   115 ||   228
Throw: Dart              |     2 |    39 ||    41
       Stone             |       |     1 ||     1
 Cast: Corona            |     4 |     5 ||     9
       Tukima's Dance    |       |     1 ||     1
 Stab: Sleeping          |     9 |     4 ||    13
       Distracted        |     2 |       ||     2
Armor: Robe              |    19 |     5 ||    24
Dodge: Dodged            |   149 |   104 ||   253
